 Dungeon Crawl Stone Soup version 0.30.2 (webtiles) character file.

Game seed: 7610665257722740012

5882 porpoise the Skirmisher (level 10, -1/91 HPs)
             Began as a Minotaur Hunter on Feb 17, 2024.
             Was a Priest of Fedhas.
             Killed from afar by an acid dragon (6 damage)
             ... with a splash of acid
             ... on level 10 of the Dungeon.
             The game lasted 00:31:21 (8886 turns).

porpoise the Skirmisher (Minotaur Hunter)           Turns: 8886, Time: 00:31:22

Health: -1/91      AC: 10    Str: 16    XL:     10   Next: 52%
Magic:  10/10      EV: 14    Int:  6    God:    Fedhas [***...]
Gold:   352        SH:  0    Dex: 18    Spells: 9/9 levels left

rFire   + . .        b - +2 dagger (drain)
rCold   + . .        (no shield)
rNeg    . . .        P - +2 robe {rC+ rF+}
rPois   .            (helmet restricted)
rElec   .            (no cloak)
rCorr   +            F - +1 pair of gloves
SInv    .            q - +2 pair of boots
Will    .....        (no amulet)
Stlth   ++           c - +4 ring of protection
HPRegen 0.35/turn    h - ring of resist corrosion
MPRegen 0.12/turn

%: no passive effects
@: corroded
A: horns 2, retaliatory headbutt
a: Renounce Religion, Wall of Briars, Grow Ballistomycete


You were on level 10 of the Dungeon.
You worshipped Fedhas.
Fedhas was most pleased with you.
You visited 1 branch of the dungeon, and saw 10 of its levels.

You collected 491 gold pieces.
You spent 139 gold pieces at shops.

Inventory:

Hand Weapons
 a - a +1 shortbow
 b - a +2 dagger of draining (weapon)
 w - a +1 dagger of venom
 L - the +9 trident "Nojoep" {heavy, *Noise rElec Int+7}
   (You took it off an orc on level 8 of the Dungeon)

   Int:       It affects your intelligence (+7).
   rElec:     It insulates you from electricity.
   *Noise:    It may make noises in combat.
 M - a +2 heavy long sword
 W - a +0 arbalest
Missiles
 n - 15 boomerangs
 y - 5 poisoned darts
 z - 3 throwing nets
 A - 2 boomerangs of dispersal
 B - a curare-tipped dart
Armour
 q - a +2 pair of boots (worn)
 F - a +1 pair of gloves (worn)
 N - +0 steam dragon scales
 P - a +2 robe of resistance (worn)
Jewellery
 c - a +4 ring of protection (left hand)
 h - a ring of resist corrosion (right hand)
 C - a ring of magical power
 I - an amulet of magic regeneration
 O - an amulet of faith
Wands
 x - a wand of roots (6)
Scrolls
 f - a scroll of enchant weapon
 g - 2 scrolls of fear
 i - 6 scrolls of immolation
 j - 4 scrolls of blinking
 l - a scroll of poison
 p - 4 scrolls of teleportation
 u - a scroll of acquirement {unknown}
 v - 2 scrolls of enchant armour
 E - a scroll of silence
 H - a scroll of noise {unknown}
 J - a scroll of magic mapping
Potions
 d - a potion of cancellation
 e - 3 potions of curing
 k - a potion of mutation {unknown}
 m - a potion of attraction
 o - 4 potions of might
 r - 2 potions of lignification
 s - a potion of heal wounds
 t - 2 potions of flight
 D - a potion of resistance
 G - 3 potions of brilliance
 K - 3 potions of haste {unknown}
Miscellaneous
 Q - a phial of floods


   Skills:
 - Level 9.0 Fighting
 * Level 13.9 Ranged Weapons
 + Level 6.3 Armour
 - Level 5.0 Dodging
 - Level 0.7 Stealth
 + Level 1.8 Invocations


You had 9 spell levels left.
You didn't know any spells.
Your spell library contained the following spells:

 Spells                   Type           Power      Damage    Failure   Level
 Apportation              Tloc           0%         N/A       45%         1
 Freeze                   Ice            0%         1d3       45%         1
 Magic Dart               Conj           0%         1d3       45%         1
 Necrotise                Necr           0%         1d4       45%         1
 Summon Small Mammal      Summ           0%         N/A       45%         1
 Call Imp                 Summ           0%         N/A       58%         2
 Cigotuvi's Dreadful Rot  Necr/Pois/Air  0%         N/A       58%         2
 Searing Ray              Conj           0%         2d4       58%         2
 Frozen Ramparts          Ice            0%         1d1       83%         3
 Hailstorm                Conj/Ice       0%         3d3       83%         3
 Mephitic Cloud           Conj/Pois/Air  0%         N/A       83%         3
 Portal Projectile        Hex/Tloc       0%         N/A       83%         3
 Tukima's Dance           Hex            0%         N/A       83%         3
 Dispel Undead            Necr           0%         3d6       99%         4
 Fulminant Prism          Conj/Hex       0%         3d5       99%         4
 Blade Hands              Tmut           0%         N/A       100%        5
 Death Channel            Necr           0%         N/A       100%        6


Dungeon Overview and Level Annotations

Branches:
Dungeon (10/15)            Temple (0/1) D:6            Lair (0/5) D:8
    Orc: D:9-12

Altars:
Ashenzari
Elyvilon
Fedhas
Hepliaklqana
Kikubaaqudgha
Makhleb
Nemelex Xobeh
Okawaru
Qazlal
Ru
Sif Muna
Trog
Yredelemnul

Shops:
D:3 (   D:4 *(?=!

Annotations:
D:5 2 transporters, PaiMei's ghost, novice DsNe


Innate Abilities, Weirdness & Mutations

You have a pair of horns on your head.
You reflexively headbutt those who attack you in melee.


Message History

The acid dragon is lightly wounded.
The acid dragon closely misses you.
The acid dragon claws you but does no damage.
Unknown command.
You are too injured to fight recklessly!
You hit the two-headed ogre. You drain the two-headed ogre.
Your headbutt misses the two-headed ogre.
The two-headed ogre is heavily wounded.
The two-headed ogre hits you but does no damage.
The two-headed ogre hits you with a +0 giant club!
The acid dragon spits acid at you. The splash of acid hits you! You resist.
* * * LOW HITPOINT WARNING * * *
The acid corrodes you!
You hear a bellow! x3
Hit: b) +2 dagger (drain)
Press: ? - help, Dir - move target, f - acid dragon
Aim: an acid dragon (catching its breath, about 29% to evade your +2 dagger of draining)
Okay, then.
Unknown command.
A yak comes into view.
There is an open door here.
Things that are here:
a +0 short sword; a +0 plate armour; an orc corpse Blink to where?
Press: ? - help, Dir - move target
As you read the scroll of blinking, it crumbles to dust. 4 yaks come into view.
The yak bellows! x4; You hear a bellow!
The acid dragon spits acid at you. The splash of acid hits you! You resist.
* * * LOW HITPOINT WARNING * * *
You hear a bellow!
The yak gores you!
* * * LOW HITPOINT WARNING * * *
A yak comes into view.
The acid dragon spits acid at you. The splash of acid hits you. You resist.
You die...
Fedhas appreciates your contribution to the ecosystem.

#.#....#..#.#
#.#....#..#.#
#.#....#..#.###.##
#......#..#.......
##########.......#
#.....# #..##..#.#
#.....###.###..#.#
#..............#.###
#.....>.......##@YY####..
#####..#########....YYY..
#.........# #..#######
###.#####.# #..#
#........# #..#
#........###..#
#.............#
#.......#####D#
#.......####.O###+#


You could see 5 yaks and an acid dragon (catching breath).

Vanquished Creatures
  Maggie (D:8)
  Prince Ribbit (D:8)
  Grinder (D:5)
  A hornet (D:9)
  A wraith (D:8)
  6 yaks (D:8)
  2 steam dragons
  Edmund (D:5)
  An acid dragon (D:9)
  A water moccasin (D:6)
  4 black bears
  5 orc warriors
  4 centaurs
  A phantom (D:6)
  A kobold brigand (D:9)
  4 bullfrogs (D:7)
  A gnoll sergeant (D:8)
  3 scorpions
  4 necrophages (D:5)
  6 wights
  2 howler monkeys (D:8)
  A bullfrog zombie (D:5)
  3 hounds
  2 jellies (D:5)
  3 orc priests
  A gnoll bouda (D:6)
  6 iguanas
  7 orc wizards
  A scorpion zombie (D:5)
  A killer bee zombie (D:5)
  A hound zombie (D:5)
  11 gnolls
  5 adders
  An ufetubus (D:5)
  3 worms
  39 orcs
  9 endoplasms
  3 giant cockroaches
  7 hobgoblins
  11 jackals
  5 quokkas
  3 ball pythons
  6 bats
  3 frilled lizards
  2 goblins
  12 kobolds
  3 rats
200 creatures vanquished.

Vanquished Creatures (others)
  An orc (D:7)
1 creature vanquished.

Grand Total: 201 creatures vanquished

Notes
Turn   | Place    | Note
-------+----------+-------------------------------------------
     0 | D:1      | porpoise the Minotaur Hunter began the quest for the Orb.
     0 | D:1      | Reached XP level 1. HP: 18/18 MP: 0/0
    96 | D:1      | Reached XP level 2. HP: 10/25 MP: 1/1
   445 | D:1      | Reached skill level 5 in Ranged Weapons
   761 | D:2      | Reached XP level 3. HP: 31/31 MP: 2/2
   783 | D:2      | Reached skill level 1 in Armour
   864 | D:2      | You fall into a shaft and drop 2 floors!
   970 | D:2      | Found a faded altar of an unknown god.
  1286 | D:3      | Found a stormy altar of Qazlal.
  1313 | D:3      | Reached XP level 4. HP: 38/38 MP: 3/3
  1604 | D:3      | Found Etzyih's Weapon Shop.
  1848 | D:4      | Found Wewit's Magic Scroll Emporium.
  1856 | D:4      | Noticed a scorpion
  1860 | D:4      | Killed a scorpion
  1861 | D:4      | Reached skill level 6 in Ranged Weapons
  1861 | D:4      | Reached XP level 5. HP: 46/46 MP: 4/4
  1863 | D:4      | Bought a scroll of identify for 22 gold pieces
  1867 | D:4      | Found Loifonak's General Store.
  1878 | D:4      | Bought a potion of curing for 39 gold pieces
  1878 | D:4      | Bought a scroll of teleportation for 39 gold pieces
  1915 | D:4      | Found Fuosewos's Distillery.
  1924 | D:4      | Bought a potion of curing for 39 gold pieces
  1993 | D:4      | Identified the +0 robe of Altruism {Stlth+}
  2014 | D:4      | Found Diuruuc's Jewellery Emporium.
  2146 | D:4      | Found a burning altar of Makhleb.
  2245 | D:4      | Found Fopast's Weapon Emporium.
  2333 | D:5      | Entered Level 5 of the Dungeon
  2362 | D:5      | Found an ancient bone altar of Kikubaaqudgha.
  2517 | D:5      | Found an iron altar of Okawaru.
  2563 | D:5      | Reached XP level 6. HP: 53/53 MP: 5/5
  2677 | D:5      | Reached skill level 7 in Ranged Weapons
  2775 | D:5      | Noticed Grinder
  2788 | D:5      | Killed Grinder
  2789 | D:5      | Reached skill level 5 in Fighting
  2789 | D:5      | Reached XP level 7. HP: 22/61 MP: 6/6
  2963 | D:5      | Found a sparkling altar of Nemelex Xobeh.
  3023 | D:5      | Found a bloodstained altar of Trog.
  3097 | D:5      | Reached skill level 8 in Ranged Weapons
  3195 | D:5      | Noticed PaiMei's ghost (novice DsNe)
  3196 | D:5      | Found a transporter.
  3197 | D:5      | Found a transporter.
  3198 | D:5      | Noticed a yak
  3210 | D:5      | Noticed Edmund
  3235 | D:5      | Killed Edmund
  3331 | D:5      | Found a blossoming altar of Fedhas.
  3350 | D:5      | Became a worshipper of Fedhas Madash
  3376 | D:5      | Reached skill level 9 in Ranged Weapons
  3397 | D:5      | Reached XP level 8. HP: 71/71 MP: 7/7
  4023 | D:6      | Reached skill level 10 in Ranged Weapons
  4208 | D:6      | Found a staircase to the Ecumenical Temple.
  4506 | D:6      | Found a sacrificial altar of Ru.
  4555 | D:6      | Reached * piety under Fedhas
  4905 | D:6      | Found a hazy altar of Hepliaklqana.
  4988 | D:6      | Reached skill level 11 in Ranged Weapons
  5103 | D:6      | Reached XP level 9. HP: 81/81 MP: 8/8
  6214 | D:7      | Reached skill level 12 in Ranged Weapons
  6424 | D:7      | Reached ** piety under Fedhas
  6677 | D:8      | Found a staircase to the Lair.
  6788 | D:8      | Identified the +9 trident "Nojoep" {heavy, *Noise rElec
                  | Int+7}
  6861 | D:8      | Noticed Prince Ribbit
  6875 | D:8      | Killed Prince Ribbit
  7063 | D:8      | Reached skill level 13 in Ranged Weapons
  7063 | D:8      | Reached XP level 10. HP: 60/91 MP: 9/9
  7073 | D:8      | Reached skill level 5 in Armour
  7468 | D:8      | Noticed Maggie
  7493 | D:8      | Killed Maggie
  7666 | D:8      | Found a broken altar of Ashenzari.
  7854 | D:9      | Reached skill level 5 in Dodging
  8007 | D:9      | Reached skill level 1 in Invocations
  8042 | D:9      | Reached *** piety under Fedhas
  8710 | D:9      | Found a basalt altar of Yredelemnul.
  8711 | D:9      | Found a white marble altar of Elyvilon.
  8716 | D:9      | Found a shimmering blue altar of Sif Muna.
  8745 | D:10     | Entered Level 10 of the Dungeon
  8871 | D:10     | Noticed a two-headed ogre
  8886 | D:10     | Killed from afar by an acid dragon

Illustrated notes

Levels and vault maps discovered:
D:1:      shiori_arrival_maze, layout_basic, minmay_unequal
D:2:      layout_rooms, hellmonk_ecumenical_altar_inner_sanctum, serial_rivers,
          chequers_serial_rivers_micro_c, chequers_serial_rivers_micro_e,
          chequers_serial_rivers_room_b, chequers_serial_rivers_micro_d
D:3:      layout_basic, mainiacjoe_overflow_tiny_flanked, serial_shops,
          nicolae_shop_bloodbath_and_beyond, minivault_19
D:4:      layout_rooms, makhleb_heckhound_becter, serial_shops, shop,
          kennysheep_mini_moat, nicolae_shop_waterfront, shop, shop
D:5:      layout_gridville, fedhas_altar_decomposition, marbit_many_paths,
          mainiacjoe_overflow_24_doors, mainiacjoe_overflow_alcove_4,
          mainiacjoe_overflow_catwalk, gammafunk_ghost_arena, uniq_edmund,
          uniq_grinder
D:6:      layout_gridville, mainiacjoe_overflow_paths,
          nicolae_hepliaklqana_hippocampus, minmay_temple_entry_wispy
D:7:      layout_gridville
D:8:      layout_loops_ring, ashenzari_altar_1, lair_entry_dummy, uniq_maggie,
          uniq_prince_ribbit1
D:9:      layout_roguey, minitemple
D:10:     minmay_the_grid_octo_tiled_squarecenter [minmay_the_grid_octo_chip,
          minmay_the_grid_octo_vomiting_pacman, minmay_the_grid_octo_odd_swirl,
          minmay_the_grid_octo_fat_diamond,
          minmay_the_grid_square_5x5_megaprize_checkered,
          minmay_the_grid_square_5x5_hollow_slash,
          minmay_the_grid_square_5x5_broken_cross,
          minmay_the_grid_square_5x5_bite,
          minmay_the_grid_square_5x5_tri_point], layout_basic,
          mainiacjoe_overflow_chevrons, uniq_urug

Skill      XL: |  1  2  3  4  5  6  7  8  9 10 |
---------------+-------------------------------+-----
Ranged Weapons | 5 6 7 9 11 13 | 13.9
Fighting       | 3 4 5 6 8 9 |  9.0
Armour         | 1 2 3 4 6 |  6.3
Dodging        | 4 5 |  5.0
Invocations    | 1 |  1.8
Stealth        | |  0.7

Action                     |  1- 3 |  4- 6 |  7- 9 | 10-12 || total
---------------------------+-------+-------+-------+-------++-------
  Melee: Dagger            |       |     2 |    64 |    34 ||   100
         Headbutt          |       |     1 |    16 |     7 ||    24
         Punch             |       |       |       |     1 ||     1
   Fire: Shortbow          |   112 |   105 |   467 |   169 ||   853
    Use: Scroll            |       |     6 |     7 |     4 ||    17
         Potion            |       |       |     2 |       ||     2
 Armour: Leather armour    |     8 |       |       |       ||     8
         Ring mail         |    22 |    35 |    78 |       ||   135
         Steam dragon scal |       |       |    48 |    33 ||    81
         Robe              |       |       |       |    12 ||    12
  Dodge: Dodged            |    47 |    50 |   170 |    64 ||   331
